 Dungeon Crawl Stone Soup version 0.19.0-18-g426998a (webtiles) character file.

39 MaximumFunGaming the Grave Robber (level 3, -1/19 HPs)
             Began as a Deep Elf Necromancer on Nov 11, 2016.
             Killed by nerve-wracking pain
             ... invoked by an orc priest
              (2 damage)
             ... on level 3 of the Dungeon.
             The game lasted 00:07:54 (1160 turns).

MaximumFunGaming the Grave Robber (DENe)            Turns: 1160, Time: 00:07:54

Health: -1/19      AC:  2    Str:  4 (5)  XL:     3   Next: 28%
Magic:  2/10       EV: 13    Int: 18 (20) God:
Gold:   44         SH:  0    Dex: 13 (15) Spells: 4 memorised, 1 level left

rFire  . . .     SeeInvis .     f - +0 dagger
rCold  . . .     Gourm    .     a - +0 robe
rNeg   . . .     Faith    .     (no shield)
rPois  .         Spirit   .     (no helmet)
rElec  .         Reflect  .     (no cloak)
rCorr  .         Harm     .     (no gloves)
MR     .....                    (no boots)
Stlth  ++........               (no amulet)
                                (no ring)
                                (no ring)

@: no status effects
A: no striking features
a: no special abilities


You were on level 3 of the Dungeon.
You were not hungry.

You visited 1 branch of the dungeon, and saw 3 of its levels.

You collected 44 gold pieces.

Inventory:

Hand Weapons
 f - a +0 dagger (weapon)
Missiles
 e - 47 stones (quivered)
Armour
 a - a +0 robe (worn)
Potions
 g - a potion of haste
 h - a potion of brilliance
Books
 b - a book of Necromancy

   Spells                             Type                      Level
   a - Pain                           Necromancy                   1
   b - Animate Skeleton               Necromancy                   1
   c - Vampiric Draining              Necromancy                   3
   d - Regeneration                   Charms/Necromancy            3
   e - Animate Dead                   Necromancy                   4
   f - Control Undead                 Necromancy                   4
Comestibles
 c - 3 bread rations


   Skills:
 + Level 2.6 Dodging
 + Level 2.5 Stealth
 + Level 3.5 Spellcasting
 + Level 5.8 Necromancy


You had one spell level left.
You knew the following spells:

 Your Spells              Type           Power        Failure   Level  Hunger
a - Pain                  Necr           ###.         1%          1    None
b - Animate Skeleton      Necr           N/A          1%          1    None
c - Vampiric Draining     Necr           ###.......   4%          3    ###....
d - Regeneration          Chrm/Necr      ##........   17%         3    ###....


Dungeon Overview and Level Annotations

Branches:
Dungeon (3/15)

Altars:


Message History

Confirm with . or Enter, or press ? or * to list all spells.
You don't have enough magic to cast that spell.
Take off which item? (? for menu, Esc to quit)
Okay, then.
Fire/throw which item? (* to show all) (? for menu, Esc to quit)
Press: ? - help, Shift-Dir - straight line, f/p - orc priest
Aim: an orc priest, wielding a hand axe and wearing a ring mail (almost dead)
You toss away a potion of degeneration.
The potion of degeneration hits the orc priest but does no damage.
The orc priest is almost dead.
The orc priest mumbles some strange prayers to Beogh against you.
You barely resist. The orc priest hits you with a mace.
* * * LOW HITPOINT WARNING * * *
The rat twitches its whiskers.
The orc priest calls down the wrath of Beogh upon you.
You barely resist.
The orc priest looks braver for a moment.
The orc priest calls down the wrath of Beogh upon you.
Pain shoots through your body!
You die...

##.### ##....
.#.....## #..).
.........#####r.#
..........#..oo#
..........o.####
..........###
..........#
..........#
........@.#
.........##
..#.....##
#######


You could see an orc priest.

Vanquished Creatures
  An adder (D:2)
  An ooze (D:1)
  A worm (D:2)
  An orc (D:3)
  2 bats (D:1)
  A goblin (D:3)
  4 hobgoblins
  2 jackals (D:2)
  2 kobolds (D:2)
  6 rats
21 creatures vanquished.

Vanquished Creatures (collateral kills)
  A goblin (D:1)
1 creature vanquished.

Grand Total: 22 creatures vanquished

Notes
Turn   | Place    | Note
-------+----------+-------------------------------------------
     0 | D:1      | MaximumFunGaming the Deep Elf Necromancer began the quest for the Orb.
     0 | D:1      | Reached XP level 1. HP: 10/10 MP: 6/6
    22 | D:1      | Reached skill level 5 in Necromancy
   181 | D:1      | Reached XP level 2. HP: 12/15 MP: 6/8
   184 | D:1      | Learned a level 1 spell: Animate Skeleton
   731 | D:2      | Reached XP level 3. HP: 16/19 MP: 7/10
   738 | D:2      | Learned a level 3 spell: Vampiric Draining
   742 | D:2      | Learned a level 3 spell: Regeneration
  1160 | D:3      | Killed from afar by an orc priest

Skill      XL: |  1 |
---------------+----+-----
Necromancy     | 5 |  5.8
Dodging        | |  2.6
Stealth        | |  2.5
Spellcasting   | |  3.5

Action                   || total
-------------------------++-------
Melee: Dagger            ||    14
 Cast: Pain              ||    50
       Animate Skeleton  ||     6
  Use: Potion            ||     3
       Scroll            ||     2
  Eat: Chunk             ||     1
Armor: Robe              ||     4
Dodge: Dodged            ||     8
